 Dungeon Crawl Stone Soup version 0.29.0-4-gdea44cf6ec (webtiles) character file.

Game seed: 17428646553564589626

130 qw the Chopper (level 5, 0/30 HPs)
             Began as a Tengu Warper on Aug 28, 2022.
             Blown up by Ijyb (8 damage)
             ... with a mindburst bolt
             ... on level 3 of the Dungeon.
             The game lasted 00:00:20 (3651 turns).

qw the Chopper (Tengu Warper)                       Turns: 3651, Time: 00:00:20

Health: 0/30       AC: 11    Str: 14    XL:     5   Next: 14%
Magic:  9/9        EV:  7    Int: 13    God:
Gold:   162        SH:  0    Dex: 13    Spells: 8/8 levels left

rFire   + . .      SeeInvis .   Y - +0 hand axe
rCold   + + .      Faith    .   (no shield)
rNeg    . . .      Spirit   .   g - +1 chain mail of the Valley {rF+ rC++}
rPois   .          Reflect  .   (helmet restricted)
rElec   .          Harm     .   (no cloak)
rCorr   .          Rampage  .   h - +1 pair of gloves
Will    .....                   (boots unavailable)
Stlth   ..........              (no amulet)
HPRegen 0.10/turn               (no ring)
MPRegen 0.11/turn               (no ring)

@: flying quickly and evasively, quick
A: beak, talons 3, nimble flight
a: no special abilities


You were on level 3 of the Dungeon.
You visited 1 branch of the dungeon, and saw 3 of its levels.

You collected 162 gold pieces.


Innate Abilities, Weirdness & Mutations

You have a beak for a mouth.
You have claws for feet.
Your magical nature lets you fly swiftly and evasively.


   Skills:
 - Level 2.0 Fighting
 + Level 5.3 Axes
 - Level 1.0 Throwing
 - Level 2.1 Armour
 - Level 2.1 Dodging
 - Level 2.0 Spellcasting
 - Level 2.4 Translocations


You had 8 spell levels left.
You didn't know any spells.
Your spell library contained the following spells:

 Spells                   Type           Power      Damage    Failure   Level
 Blink                    Tloc           14%        N/A       98%         2
 Gell's Gravitas          Tloc           7%         N/A       100%        3
 Lesser Beckoning         Tloc           7%         N/A       100%        3
 Teleport Other           Tloc           7%         N/A       100%        3
 Manifold Assault         Tloc           7%         N/A       100%        5

Inventory:

Hand Weapons
 a - a +0 flail
 Y - a +0 hand axe (weapon)
Armour
 g - the +1 chain mail of the Valley (worn) {rF+ rC++}
   (You found it on level 2 of the Dungeon)

   rF:        It protects you from fire.
   rC:        It greatly protects you from cold.
 h - a +1 pair of gloves (worn)
Scrolls
 b - a scroll of teleportation
 c - 2 scrolls of identify
Potions
 d - a potion of curing {unknown}
 e - a potion of flight {unknown}

Dungeon Overview and Level Annotations

Branches:
Dungeon (3/15)

Altars:

Annotations:
D:3 Ijyb


Message History

3637 ||| Stepping ~*~*~tactically~*~*~ (hiding).
You start waiting.
Ijyb is nearby!
You hit Ijyb. Your kick misses Ijyb. Your peck misses Ijyb.
Ijyb is lightly wounded.
Ijyb screams, "Me very upset!"
Ijyb zaps a wand.
Your mind is blasted!
Ouch! That really hurt!
You hit Ijyb but do no damage. Your kick misses Ijyb. Your peck misses Ijyb.
Ijyb is lightly wounded.
Ijyb hits you but does no damage.
You hit Ijyb but do no damage. You peck Ijyb.
Ijyb is lightly wounded.
Ijyb screams, "I no like you!"
Ijyb zaps a wand.
You barely resist. You hit Ijyb. You peck Ijyb.
Ijyb is heavily wounded.
Ijyb barely misses you.
You closely miss Ijyb. Your kick misses Ijyb.
Ijyb is heavily wounded.
Ijyb hits you with a +0 dagger.
You hit Ijyb. Your kick misses Ijyb. You peck Ijyb, but do no damage.
Ijyb is severely wounded.
Ijyb hits you but does no damage.
You hit Ijyb. You peck Ijyb.
Ijyb is severely wounded.
Ijyb hits you but does no damage.
You barely miss Ijyb. Your peck misses Ijyb.
Ijyb is severely wounded.
Ijyb hits you with a +0 dagger.
You closely miss Ijyb. Your peck misses Ijyb.
Ijyb is severely wounded.
Ijyb barely misses you.
You closely miss Ijyb.
Ijyb is severely wounded.
Ijyb hits you but does no damage.
You barely miss Ijyb. You peck Ijyb, but do no damage.
Ijyb is severely wounded.
Ijyb zaps a wand.
Your mind is blasted!
You die...

.... #..#...#.[# .....
#..##'##..## .....
#..........# .....
#...##.###.# ####..###
##.###.# #.# ...g....##
#.# #.###.# .........#
#.# #)....# ......g#g#
#.# #)##### ......##@##
##.###.## ###
...$.##...###..##...###..
.##+##.....##'##.....##+#
##...##...##...##...
##.##.....##.##....
#'#[......#'#.....
##.##.....##.##....
##...##...##...##...
#.....##'##.....##'#


You could see Ijyb.

Vanquished Creatures
  6 adders
  A worm (D:1)
  3 dart slugs
  9 orcs
  6 ball pythons
  5 bats
  2 endoplasms
  A giant cockroach (D:2)
  3 goblins
  4 hobgoblins
  3 jackals (D:3)
  3 quokkas
  A frilled lizard (D:2)
  6 kobolds
  3 rats
56 creatures vanquished.

Vanquished Creatures (others)
  A fungus (D:1)
  A plant (D:1)
2 creatures vanquished.

Grand Total: 58 creatures vanquished

Notes
Turn   | Place    | Note
-------+----------+-------------------------------------------
     0 | D:1      | qw the Tengu Warper began the quest for the Orb.
     0 | D:1      | Reached XP level 1. HP: 12/12 MP: 4/4
     0 | D:1      | 0 ||| qw: Version: 0.1-a-89-g26bdef1
     0 | D:1      | 0 ||| qw: Game counter: 1242
     0 | D:1      | 0 ||| qw: Always use a shield: true
     0 | D:1      | 0 ||| qw: God list: Okawaru
     0 | D:1      | 0 ||| qw: Allow faded altars: false
     0 | D:1      | 0 ||| qw: Do Orc after D:15 true
     0 | D:1      | 0 ||| qw: Do second Lair branch before Depths: true
     0 | D:1      | 0 ||| qw: Lair rune preference: random
     0 | D:1      | 0 ||| qw: Plans: Normal
     0 | D:1      | 0 ||| PLANNING D:1-11
    64 | D:1      | 64 ||| Stepping ~*~*~tactically~*~*~ (hiding).
    65 | D:1      | 65 ||| Stepping ~*~*~tactically~*~*~ (hiding).
   301 | D:1      | Reached skill level 3 in Axes
   301 | D:1      | Reached XP level 2. HP: 17/17 MP: 6/6
   347 | D:1      | Found a faded altar of an unknown god.
   842 | D:1      | 842 ||| DROPPING orb of light.
   843 | D:1      | 843 ||| UPGRADING to +0 pair of gloves.
   848 | D:1      | 848 ||| READING scroll labelled GIWIAG PEIZUJ.
   849 | D:1      | 849 ||| READING scroll labelled AFI MIZXULILYQ.
   850 | D:1      | 850 ||| READING scroll labelled YNUVEXO WACEYTI.
   851 | D:1      | 851 ||| READING scroll labelled EBRYXYPIOR.
   854 | D:1      | 854 ||| DRINKING 2 bubbling orange potions.
   881 | D:1      | 881 ||| DROPPING scroll of blinking.
   882 | D:1      | 882 ||| DROPPING potion of lignification.
   900 | D:2      | 900 ||| STAIRDANCE
   906 | D:1      | Reached XP level 3. HP: 20/21 MP: 7/7
   920 | D:2      | 920 ||| STAIRDANCE
  1061 | D:2      | 1061 ||| FLEEEEING.
  1165 | D:2      | Reached skill level 4 in Axes
  1252 | D:2      | 1252 ||| Stepping ~*~*~tactically~*~*~ (stealth).
  1253 | D:2      | 1253 ||| Stepping ~*~*~tactically~*~*~ (stealth).
  1260 | D:2      | Identified the +1 chain mail of the Valley {rF+ rC++}
  1428 | D:2      | 1428 ||| UPGRADING to +1 chain mail of the Valley {rF+
                  | rC++}.
  1437 | D:2      | Reached XP level 4. HP: 18/26 MP: 8/8
  1548 | D:2      | 1548 ||| UPGRADING to +0 leather armour.
  1553 | D:2      | 1553 ||| UPGRADING to +1 chain mail of the Valley {rF+
                  | rC++}.
  1563 | D:2      | 1563 ||| DROPPING +0 leather armour.
  1618 | D:2      | Reached skill level 5 in Axes
  2016 | D:2      | 2016 ||| READING scroll labelled KEICIE MAFEMIGH.
  2017 | D:2      | 2017 ||| READING scroll labelled DACSOE NUMUS.
  2159 | D:2      | 2159 ||| READING scroll labelled HUIGOY BOXAGU.
  2160 | D:2      | 2160 ||| READING scroll labelled NYCWA PEOMULO.
  2161 | D:2      | 2161 ||| DRINKING 2 yellow potions.
  2162 | D:2      | 2162 ||| DROPPING potion of brilliance.
  2300 | D:3      | 2300 ||| READING scroll of enchant armour.
  2300 | D:3      | 2300 ||| ENCHANTING +0 pair of gloves.
  2421 | D:3      | 2421 ||| Stepping ~*~*~tactically~*~*~ (stealth).
  2608 | D:3      | 2608 ||| DROPPING +0 mace.
  2764 | D:3      | Noticed Ijyb
  2767 | D:3      | HP: 5/26 [disintegration (18)]
  2768 | D:3      | 2768 ||| READING scroll of teleportation.
  3061 | D:3      | Gained mutation: Your magical nature lets you fly swiftly
                  | and evasively. [Tengu growth]
  3061 | D:3      | Reached XP level 5. HP: 28/30 MP: 9/9
  3475 | D:3      | 3475 ||| Stepping ~*~*~tactically~*~*~ (stealth).
  3635 | D:3      | 3635 ||| Stepping ~*~*~tactically~*~*~ (hiding).
  3637 | D:3      | 3637 ||| Stepping ~*~*~tactically~*~*~ (hiding).
  3651 | D:3      | Blown up by Ijyb

Levels and vault maps discovered:
D:1:      dpeg_arrival_erosion, layout_basic,
          shapermc_ecumenical_altar_rom_forum, hangedman_decor_diamond_cutter,
          chequers_arboretum
D:2:      layout_rooms, chequers_avenue, st_stairs_3, wad_orctagon
D:3:      layout_basic, nicolae_hexahallways, minmay_misc_feat_room,
          saegor_snake_ambush, uniq_ijyb

Skill      XL: |  1  2  3  4 |
---------------+-------------+-----
Axes           | 3 4 5 |  5.3
Armour         | 2 |  2.1
Fighting       | |  2.0
Throwing       | |  1.0
Dodging        | |  2.1
Spellcasting   | |  2.0
Translocations | |  2.4

Action                   |  1- 3 |  4- 6 || total
-------------------------+-------+-------++-------
Melee: Hand axe          |    61 |    89 ||   150
       Kick              |    17 |    17 ||    34
       Peck              |    13 |    13 ||    26
       Punch             |     1 |       ||     1
Throw: Boomerang         |     7 |       ||     7
  Use: Scroll            |     4 |     6 ||    10
       Potion            |     1 |     1 ||     2
Armor: Leather armour    |    12 |       ||    12
       Chain mail        |       |    55 ||    55
Dodge: Dodged            |    52 |    22 ||    74

Table legend:
 A = Non-vault XP
 B = Vault XP
 C = Vault XP percentage of total XP
 D = Non-vault monster count
 E = Vault monster count
 F = Vault count percentage of total count
                 A         B        C        D         E       F
            +---------+---------+-------+---------+---------+-------
      Total |     158 |      29 |  15.5 |      49 |       7 |  12.5
            +---------+---------+-------+---------+---------+-------
        D:1 |      36 |       0 |   0.0 |      16 |       0 |   0.0
        D:2 |      66 |      27 |  29.0 |      17 |       6 |  26.1
        D:3 |      56 |       2 |   3.4 |      16 |       1 |   5.9
            +---------+---------+-------+---------+---------+-------
